 Dungeon Crawl Stone Soup version 0.21-a0-344-g2144152 (webtiles) character file.

2574 tidbits the Charmwright (level 9, 70/70 HPs)
             Began as a Gnoll Skald on Oct 4, 2017.
             Quit the game on level 7 of the Dungeon.
             The game lasted 00:18:26 (3128 turns).

tidbits the Charmwright (Gnoll Skald)               Turns: 3128, Time: 00:18:27

Health: 70/70      AC: 11    Str: 14    XL:     9   Next: 57%
Magic:  19/19      EV: 14    Int: 19    God:
Gold:   352        SH:  0    Dex: 14    Spells: 11/21 levels left

rFire    . . .     SeeInvis +   a - +5 hand axe (flame)
rCold    . . .     Gourm    .   (no shield)
rNeg     . . .     Faith    .   B - +0 ring mail
rPois    .         Spirit   .   E - +2 helmet {SInv}
rElec    .         Reflect  .   (no cloak)
rCorr    .         Harm     .   G - +1 pair of gloves
MR       +....                  (no boots)
Stlth    ++........             (no amulet)
HPRegen  0.21/turn              H - ring of protection from magic
MPRegen  0.16/turn              (no ring)

@: no status effects
A: distributed training, fangs 1, strong nose
a: no special abilities


You were on level 7 of the Dungeon.
You were hungry.

You visited 1 branch of the dungeon, and saw 7 of its levels.
You also visited: Ossuary.

You collected 352 gold pieces.

Inventory:

Hand Weapons
 a - a +5 hand axe of flaming (weapon)
   (You took it off an orc priest on level 5 of the Dungeon)
 e - a +2 dagger of distortion
   (You took it off Dowan on level 7 of the Dungeon)
 o - a +0 morningstar
 t - a +1 falchion of draining
   (You found it on level 6 of the Dungeon)
Missiles
 f - 72 arrows
 v - 10 tomahawks (quivered)
Armour
 j - a +0 scale mail
 u - a +2 helmet
 B - a +0 ring mail (worn)
 E - a +2 helmet of see invisible (worn)
   (You found it on level 4 of the Dungeon)
 G - a +1 pair of gloves (worn)
Jewellery
 H - a ring of protection from magic (left hand)
   (You took it off an orc wizard on level 5 of the Dungeon)
Wands
 i - a wand of digging (11/24)
 x - a wand of acid (4/15)
 z - a wand of random effects (17/48)
 C - a wand of disintegration (7/24)
Scrolls
 m - 2 scrolls of amnesia
 n - a scroll of enchant armour
 p - 8 scrolls of teleportation
 r - 2 scrolls of remove curse
Potions
 b - a potion of flight
 g - a potion of cancellation
 l - 3 potions of brilliance
 s - 10 potions of curing
 w - 2 potions of lignification {unknown}
 y - 2 potions of haste
 A - a potion of heal wounds {unknown}
Books
 c - a book of Battle

   Spells                             Type                      Level
   a - Infusion                       Charms                       1
   b - Shroud of Golubria             Charms/Translocation         2
   c - Song of Slaying                Charms                       2
   d - Spectral Weapon                Hexes/Charms                 3
   e - Regeneration                   Charms/Necromancy            3
Comestibles
 d - 5 bread rations
 h - 5 royal jellies
 k - 2 meat rations
 q - 3 chunks of flesh


   Skills:
 + Level 6.3 Fighting
 + Level 4.3 Short Blades
 + Level 4.3 Long Blades
 + Level 6.3 Axes
 + Level 4.3 Maces & Flails
 + Level 4.3 Polearms
 + Level 4.3 Staves
 + Level 4.3 Slings
 + Level 4.3 Bows
 + Level 4.3 Crossbows
 + Level 4.3 Throwing
 + Level 5.1 Armour
 + Level 6.3 Dodging
 + Level 4.3 Stealth
 + Level 4.3 Shields
 + Level 4.3 Unarmed Combat
 + Level 6.7 Spellcasting
 + Level 4.3 Conjurations
 + Level 4.3 Hexes
 + Level 7.9 Charms
 + Level 4.3 Summonings
 + Level 4.3 Necromancy
 + Level 4.3 Translocations
 + Level 4.3 Transmutations
 + Level 4.3 Fire Magic
 + Level 4.3 Ice Magic
 + Level 4.3 Air Magic
 + Level 4.3 Earth Magic
 + Level 4.3 Poison Magic
 + Level 4.3 Invocations
 + Level 4.3 Evocations


You had 11 spell levels left.
You knew the following spells:

 Your Spells              Type           Power        Failure   Level  Hunger
g - Shroud of Golubria    Chrm/Tloc      ####......   2%          2    None
r - Regeneration          Chrm/Necr      ####......   4%          3    ##.....
w - Spectral Weapon       Hex/Chrm       ####....     4%          3    ##.....
y - Song of Slaying       Chrm           #####...     1%          2    None


Dungeon Overview and Level Annotations

Branches:
Dungeon (7/15)
 Temple: D:4-7

Altars:
Kikubaaqudgha
Makhleb
Uskayaw
Xom
Yredelemnul

Annotations:
D:7 2 transporters


Innate Abilities, Weirdness & Mutations

Your experience applies equally to all skills.
You have very sharp teeth.
Your uncanny sense of smell can sniff out nearby items.


Message History

You kill the orc!
You hit the orc. You burn the orc.
The bullfrog zombie hits your spectral weapon but does no damage.
The orc hits you but does no damage.
The bullfrog zombie hits your spectral weapon.
Your spectral weapon shares its damage with you!
You swap places.
The orc hits you with a short sword. The bullfrog zombie hits you.
You hit the bullfrog zombie. You burn the bullfrog zombie.
The bullfrog zombie is heavily damaged.
You hit the orc. You burn the orc.
You kill the orc!
Your spectral weapon hits the bullfrog zombie.
Your spectral weapon burns the bullfrog zombie.
The bullfrog zombie hits you but does no damage.
You closely miss the bullfrog zombie.
The bullfrog zombie is severely damaged.
Your spectral weapon hits the bullfrog zombie!
Your spectral weapon burns the bullfrog zombie.
You destroy the bullfrog zombie!
You hit the crimson imp. Your bite misses the crimson imp.
The crimson imp is moderately wounded.
Your spectral weapon misses the crimson imp.
The crimson imp closely misses you.
You closely miss the crimson imp.
The crimson imp is moderately wounded.
Your spectral weapon barely misses the crimson imp.
The crimson imp hits you but does no damage.
You miss the crimson imp.
The crimson imp is moderately wounded.
Your spectral weapon hits the crimson imp.
The crimson imp hits you but does no damage.
You hit the crimson imp but do no damage.
Your punch misses the crimson imp.
The crimson imp is heavily wounded.
Your spectral weapon misses the crimson imp.
The crimson imp hits you but does no damage.
You hit the crimson imp but do no damage.
The crimson imp is heavily wounded.
Your spectral weapon hits the crimson imp!
You kill the crimson imp!
Casting: Spectral Weapon
Confirm with . or Enter, or press ? or * to list all spells.
Your skin crawls.
You swap places.
You see here a short sword.
Things that are here:
a club; a leather armour; an orc corpse You butcher the orc corpse.
q - 7 chunks of flesh (gained 3)
Things that are here:
a club; a leather armour Eat one of 7 chunks of flesh? (ye/n/q)
You eat one of the 7 chunks of flesh.
This raw flesh tastes terrible.
Things that are here:
a hand axe; an orc corpse
Found a brass ring.
Your skin is crawling a little less now.
Your spectral weapon fades away.
Your skin stops crawling.
D - a brass ring Put on which piece of jewellery? (? for menu, Esc to quit)
You feel weaker.
Oops, that ring feels deathly cold.
D - a cursed -5 ring of strength (right hand)
As you read the scroll of remove curse, it crumbles to dust.
You feel as if something is helping you.
Drop what? 33/52 slots (_ for help) (? for menu, Esc to quit)
You remove your -5 ring of strength.
You feel stronger.
You drop a -5 ring of strength.
An iguana comes into view.
The iguana hisses angrily.
You hit the iguana. You burn the iguana.
The iguana is moderately wounded.
The iguana bites you!
Casting: Regeneration
Confirm with . or Enter, or press ? or * to list all spells.
You draw out your weapon's spirit!
The iguana barely misses you.
You closely miss the iguana. You bite the iguana.
The iguana is moderately wounded.
Your spectral weapon hits the iguana.
Your spectral weapon burns the iguana.
The iguana misses your spectral weapon.
You hit the iguana but do no damage.
The iguana is severely wounded.
Your spectral weapon hits the iguana.
Your spectral weapon burns the iguana.
You kill the iguana!
You swap places.
You see here an iguana corpse.
Magic restored.
HP restored.
Your spectral weapon fades away.
Found a stone staircase leading down.
There is a stone staircase leading down here.
You are feeling hungry.
Some of the chunks of flesh in your inventory have rotted away.
You see here 24 bolts.
Search for what [? for help]? temple Can't find anything matching that.
Are you sure you want to abandon this character and quit the game? (Confirm with "yes".)

####### #.....###
#######........
#...........####
#.#####.........
########.#####.........
#.....@................
#.######.....####..###.
#.# ####.# #..# #. #.#
# #..# ## #.# #..####
#.# #...... #.# ##.####
#.# # #.# #.###.# ##.##


There were no monsters in sight!

Vanquished Creatures
  Grinder (D:5)
  Menkaure (D:4)
  Duvessa (D:7)
  A water moccasin (D:5)
  The ghost of Dominolapin the Sneak, an amateur VSEE (Ossuary)
  A phantom (D:6)
  An ogre (D:7)
  A centaur (D:7)
  4 bullfrogs
  2 elf zombies (Ossuary)
  Dowan (D:7)
  A water moccasin skeleton (D:6)
  2 howler monkeys (D:5)
  2 centaur zombies (Ossuary)
  2 bullfrog zombies
  2 crimson imps
  2 human zombies (Ossuary)
  A jelly (D:5)
  7 orc wizards
  2 hounds (D:4)
  A bullfrog skeleton (D:4)
  2 orc priests
  Ijyb (D:5)
  Natasha (thrice) (D:4)
  3 iguanas
  3 worker ants
  A big kobold zombie (Ossuary)
  A hound zombie (D:5)
  A hound skeleton (D:5)
  2 mummies (Ossuary)
  3 gnolls (D:7)
  7 adders
  3 oozes
  2 adder zombies
  A worm (D:2)
  A dart slug (D:1)
  3 leopard geckos
  17 orcs
  2 giant cockroaches
  7 goblins
  3 hobgoblins
  A quokka (D:6)
  4 bats
  10 frilled lizards
  6 hobgoblin zombies (Ossuary)
  8 kobolds
  8 kobold zombies (Ossuary)
  A leopard gecko skeleton (D:7)
  A leopard gecko zombie (D:5)
  14 orc zombies (Ossuary)
  9 rats
  A rat zombie (Ossuary)
166 creatures vanquished.

Notes
Turn   | Place    | Note
-------+----------+-------------------------------------------
     0 | D:1      | tidbits the Gnoll Skald began the quest for the Orb.
     0 | D:1      | Reached XP level 1. HP: 20/20 MP: 6/6
     0 | D:1      | Noticed a human
     1 | D:1      | Noticed a minotaur
     1 | D:1      | Noticed an ogre
     7 | D:1      | Noticed a felid
     8 | D:1      | Noticed an elf
    11 | D:1      | Noticed a felid
    11 | D:1      | Noticed a naga
    13 | D:1      | Noticed a naga
    13 | D:1      | Noticed a troll
    14 | D:1      | Noticed a troll
    15 | D:1      | Noticed a spriggan
    19 | D:1      | Noticed an octopode
    21 | D:1      | Noticed a ghoul
   130 | D:1      | Reached XP level 2. HP: 21/26 MP: 1/7
   134 | D:1      | Learned a level 2 spell: Song of Slaying
   137 | D:1      | Learned a level 2 spell: Shroud of Golubria
   370 | D:2      | Reached XP level 3. HP: 31/31 MP: 5/9
   378 | D:1      | Reached skill level 5 in Spellcasting
   389 | D:1      | HP: 3/31 [poisoned by an adder]
   394 | D:1      | HP: 2/31 [poisoned by an adder]
   399 | D:1      | HP: 1/31 [poisoned by an adder]
   404 | D:1      | Learned a level 3 spell: Regeneration
   569 | D:2      | Reached skill level 1 in Short Blades
   569 | D:2      | Reached skill level 1 in Long Blades
   569 | D:2      | Reached skill level 1 in Maces & Flails
   569 | D:2      | Reached skill level 1 in Polearms
   569 | D:2      | Reached skill level 1 in Staves
   569 | D:2      | Reached skill level 1 in Slings
   569 | D:2      | Reached skill level 1 in Bows
   569 | D:2      | Reached skill level 1 in Crossbows
   569 | D:2      | Reached skill level 1 in Throwing
   569 | D:2      | Reached skill level 1 in Stealth
   569 | D:2      | Reached skill level 1 in Shields
   569 | D:2      | Reached skill level 1 in Unarmed Combat
   569 | D:2      | Reached skill level 1 in Conjurations
   569 | D:2      | Reached skill level 1 in Hexes
   569 | D:2      | Reached skill level 1 in Summonings
   569 | D:2      | Reached skill level 1 in Necromancy
   569 | D:2      | Reached skill level 1 in Translocations
   569 | D:2      | Reached skill level 1 in Transmutations
   569 | D:2      | Reached skill level 1 in Fire Magic
   569 | D:2      | Reached skill level 1 in Ice Magic
   569 | D:2      | Reached skill level 1 in Air Magic
   569 | D:2      | Reached skill level 1 in Earth Magic
   569 | D:2      | Reached skill level 1 in Poison Magic
   569 | D:2      | Reached skill level 1 in Invocations
   569 | D:2      | Reached skill level 1 in Evocations
   641 | D:2      | Reached XP level 4. HP: 38/38 MP: 3/11
   766 | D:2      | Learned a level 3 spell: Spectral Weapon
   803 | D:3      | Found a faded altar of an unknown god.
   863 | D:4      | Reached XP level 5. HP: 43/43 MP: 4/12
   882 | D:4      | Reached skill level 3 in Armour
  1234 | D:4      | Reached XP level 6. HP: 50/50 MP: 9/13
  1293 | D:4      | Noticed Menkaure
  1303 | D:4      | Killed Menkaure
  1303 | D:4      | Reached skill level 5 in Fighting
  1303 | D:4      | Reached skill level 2 in Short Blades
  1303 | D:4      | Reached skill level 2 in Long Blades
  1303 | D:4      | Reached skill level 5 in Axes
  1303 | D:4      | Reached skill level 2 in Maces & Flails
  1303 | D:4      | Reached skill level 2 in Polearms
  1303 | D:4      | Reached skill level 2 in Staves
  1303 | D:4      | Reached skill level 2 in Slings
  1303 | D:4      | Reached skill level 2 in Bows
  1303 | D:4      | Reached skill level 2 in Crossbows
  1303 | D:4      | Reached skill level 2 in Throwing
  1303 | D:4      | Reached skill level 5 in Dodging
  1303 | D:4      | Reached skill level 2 in Stealth
  1303 | D:4      | Reached skill level 2 in Shields
  1303 | D:4      | Reached skill level 2 in Unarmed Combat
  1303 | D:4      | Reached skill level 2 in Conjurations
  1303 | D:4      | Reached skill level 2 in Hexes
  1303 | D:4      | Reached skill level 2 in Summonings
  1303 | D:4      | Reached skill level 2 in Necromancy
  1303 | D:4      | Reached skill level 2 in Translocations
  1303 | D:4      | Reached skill level 2 in Transmutations
  1303 | D:4      | Reached skill level 2 in Fire Magic
  1303 | D:4      | Reached skill level 2 in Ice Magic
  1303 | D:4      | Reached skill level 2 in Air Magic
  1303 | D:4      | Reached skill level 2 in Earth Magic
  1303 | D:4      | Reached skill level 2 in Poison Magic
  1303 | D:4      | Reached skill level 2 in Invocations
  1303 | D:4      | Reached skill level 2 in Evocations
  1326 | D:5      | Entered Level 5 of the Dungeon
  1451 | D:5      | Noticed a water moccasin
  1462 | D:5      | Reached XP level 7. HP: 54/56 MP: 0/15
  1464 | D:5      | Reached skill level 7 in Charms
  1669 | D:5      | Noticed Grinder
  1671 | D:5      | Found a hide-covered altar of Uskayaw.
  1693 | D:5      | Killed Grinder
  1693 | D:5      | Reached skill level 3 in Short Blades
  1693 | D:5      | Reached skill level 3 in Long Blades
  1693 | D:5      | Reached skill level 3 in Maces & Flails
  1693 | D:5      | Reached skill level 3 in Polearms
  1693 | D:5      | Reached skill level 3 in Staves
  1693 | D:5      | Reached skill level 3 in Slings
  1693 | D:5      | Reached skill level 3 in Bows
  1693 | D:5      | Reached skill level 3 in Crossbows
  1693 | D:5      | Reached skill level 3 in Throwing
  1693 | D:5      | Reached skill level 4 in Armour
  1693 | D:5      | Reached skill level 3 in Stealth
  1693 | D:5      | Reached skill level 3 in Shields
  1693 | D:5      | Reached skill level 3 in Unarmed Combat
  1693 | D:5      | Reached skill level 3 in Conjurations
  1693 | D:5      | Reached skill level 3 in Hexes
  1693 | D:5      | Reached skill level 3 in Summonings
  1693 | D:5      | Reached skill level 3 in Necromancy
  1693 | D:5      | Reached skill level 3 in Translocations
  1693 | D:5      | Reached skill level 3 in Transmutations
  1693 | D:5      | Reached skill level 3 in Fire Magic
  1693 | D:5      | Reached skill level 3 in Ice Magic
  1693 | D:5      | Reached skill level 3 in Air Magic
  1693 | D:5      | Reached skill level 3 in Earth Magic
  1693 | D:5      | Reached skill level 3 in Poison Magic
  1693 | D:5      | Reached skill level 3 in Invocations
  1693 | D:5      | Reached skill level 3 in Evocations
  1693 | D:5      | Reached XP level 8. HP: 46/63 MP: 3/16
  1731 | D:6      | Found a shimmering altar of Xom.
  1771 | D:6      | Reached skill level 6 in Spellcasting
  1808 | D:6      | Found a sand-covered staircase.
  1814 | Ossuary  | Entered an ossuary
  1924 | Ossuary  | Noticed Dominolapin's ghost (amateur VSEE)
  1934 | Ossuary  | Killed Dominolapin's ghost
  2023 | D:6      | Reached XP level 9. HP: 69/69 MP: 14/18
  2029 | D:6      | Reached skill level 6 in Fighting
  2029 | D:6      | Reached skill level 6 in Axes
  2029 | D:6      | Reached skill level 6 in Dodging
  2103 | D:7      | Noticed Dowan
  2281 | D:5      | Noticed Ijyb
  2287 | D:5      | Killed Ijyb
  2335 | D:4      | Noticed Natasha
  2341 | D:4      | Killed Natasha
  2361 | D:4      | Noticed Natasha
  2367 | D:4      | Killed Natasha
  2409 | D:4      | Noticed Natasha
  2412 | D:4      | Killed Natasha
  2725 | D:7      | Noticed Duvessa
  2730 | D:7      | Reached skill level 4 in Short Blades
  2730 | D:7      | Reached skill level 4 in Long Blades
  2730 | D:7      | Reached skill level 4 in Maces & Flails
  2730 | D:7      | Reached skill level 4 in Polearms
  2730 | D:7      | Reached skill level 4 in Staves
  2730 | D:7      | Reached skill level 4 in Slings
  2730 | D:7      | Reached skill level 4 in Bows
  2730 | D:7      | Reached skill level 4 in Crossbows
  2730 | D:7      | Reached skill level 4 in Throwing
  2730 | D:7      | Reached skill level 4 in Stealth
  2730 | D:7      | Reached skill level 4 in Shields
  2730 | D:7      | Reached skill level 4 in Unarmed Combat
  2730 | D:7      | Reached skill level 4 in Conjurations
  2730 | D:7      | Reached skill level 4 in Hexes
  2730 | D:7      | Reached skill level 4 in Summonings
  2730 | D:7      | Reached skill level 4 in Necromancy
  2730 | D:7      | Reached skill level 4 in Translocations
  2730 | D:7      | Reached skill level 4 in Transmutations
  2730 | D:7      | Reached skill level 4 in Fire Magic
  2730 | D:7      | Reached skill level 4 in Ice Magic
  2730 | D:7      | Reached skill level 4 in Air Magic
  2730 | D:7      | Reached skill level 4 in Earth Magic
  2730 | D:7      | Reached skill level 4 in Poison Magic
  2730 | D:7      | Reached skill level 4 in Invocations
  2730 | D:7      | Reached skill level 4 in Evocations
  2736 | D:7      | Killed Duvessa
  2782 | D:7      | Killed Dowan
  2821 | D:7      | Found a basalt altar of Yredelemnul.
  2822 | D:7      | Found a transporter.
  2824 | D:7      | Found a transporter.
  2848 | D:7      | Found an ancient bone altar of Kikubaaqudgha.
  2860 | D:7      | Reached skill level 5 in Armour
  2974 | D:7      | Found a burning altar of Makhleb.
  3128 | D:7      | Quit the game

Vault maps used:
D:1:      shiori_arrival_whats_in_store_for_you, minmay_misc_feat_rows,
          serial_bayou_pond_c
D:3:      chequers_ecumenical_altar_grove, kennysheep_jessica_study
D:4:      uniq_menkaure, uniq_natasha
D:5:      eat_drink_and_be_merry_uskayaw,
          chequers_temple_overflow_statue_of_worship, kennysheep_mini,
          first_bread, uniq_grinder, uniq_ijyb
D:6:      lemuel_round_altar, minmay_temple_entry_enclosed_plants,
          nicolae_ossuary_entry_plus, fedhas_altar_decomposition
D:7:      gammafunk_temple_of_torment, lemuel_round_altar, uniq_duvessa
Ossuary:  ossuary_tomb_1

Skill      XL: |  1  2  3  4  5  6  7  8  9 |
---------------+----------------------------+-----
Spellcasting   | 5 6 |  6.7
Short Blades   | 1 2 3 4 |  4.3
Long Blades    | 1 2 3 4 |  4.3
Maces & Flails | 1 2 3 4 |  4.3
Polearms       | 1 2 3 4 |  4.3
Staves         | 1 2 3 4 |  4.3
Slings         | 1 2 3 4 |  4.3
Bows           | 1 2 3 4 |  4.3
Crossbows      | 1 2 3 4 |  4.3
Throwing       | 1 2 3 4 |  4.3
Stealth        | 1 2 3 4 |  4.3
Shields        | 1 2 3 4 |  4.3
Unarmed Combat | 1 2 3 4 |  4.3
Conjurations   | 1 2 3 4 |  4.3
Hexes          | 1 2 3 4 |  4.3
Summonings     | 1 2 3 4 |  4.3
Necromancy     | 1 2 3 4 |  4.3
Translocations | 1 2 3 4 |  4.3
Transmutations | 1 2 3 4 |  4.3
Fire Magic     | 1 2 3 4 |  4.3
Ice Magic      | 1 2 3 4 |  4.3
Air Magic      | 1 2 3 4 |  4.3
Earth Magic    | 1 2 3 4 |  4.3
Poison Magic   | 1 2 3 4 |  4.3
Invocations    | 1 2 3 4 |  4.3
Evocations     | 1 2 3 4 |  4.3
Armour         | 3 4 5 |  5.1
Fighting       | 5 6 |  6.3
Axes           | 5 6 |  6.3
Dodging        | 5 6 |  6.3
Charms         | 7 |  7.9

Action                   |  1- 3 |  4- 6 |  7- 9 || total
-------------------------+-------+-------+-------++-------
Melee: Hand axe          |    59 |    91 |   192 ||   342
       Bite              |     5 |     7 |    23 ||    35
       Punch             |       |       |     3 ||     3
 Cast: Infusion          |    11 |     3 |     1 ||    15
       Shroud of Golubri |     2 |     3 |     4 ||     9
       Regeneration      |     1 |     3 |     7 ||    11
       Spectral Weapon   |       |    12 |    24 ||    36
Evoke: Wand              |       |       |     2 ||     2
  Use: Scroll            |     3 |     5 |    11 ||    19
       Potion            |     1 |       |     2 ||     3
 Stab: Distracted        |       |     1 |     1 ||     2
       Sleeping          |       |       |     3 ||     3
  Eat: Chunk             |       |     2 |     6 ||     8
       Fruit             |       |       |     2 ||     2
Armor: Leather armour    |     4 |       |       ||     4
       Ring mail         |     1 |    42 |    69 ||   112
Dodge: Dodged            |    44 |    65 |   120 ||   229

Table legend:
 A = Spawn XP
 B = Non-spawn XP
 C = Spawn XP percentage of total XP
 D = Spawn monster count
 E = Non-spawn monster count
 F = Spawn count percentage of total count
 G = Total turns spent on level
                    A         B        C        D         E        F      G
               +---------+---------+-------+---------+---------+-------+---------
         Total |       0 |    3678 |   0.0 |       0 |     166 |   0.0 |  3128
               +---------+---------+-------+---------+---------+-------+---------
           D:1 |       0 |      46 |   0.0 |       0 |      18 |   0.0 |   453
           D:2 |       0 |      74 |   0.0 |       0 |      22 |   0.0 |   314
           D:3 |       0 |      22 |   0.0 |       0 |      11 |   0.0 |   296
           D:4 |       0 |     449 |   0.0 |       0 |      10 |   0.0 |   408
           D:5 |       0 |     792 |   0.0 |       0 |      18 |   0.0 |   455
           D:6 |       0 |     848 |   0.0 |       0 |      29 |   0.0 |   594
           D:7 |       0 |     850 |   0.0 |       0 |      18 |   0.0 |   414
       Ossuary |       0 |     597 |   0.0 |       0 |      40 |   0.0 |   194
               +---------+---------+-------+---------+---------+-------+---------

Table legend:
 A = Turns spent in this place as a percentage of turns spent in the entire game.
 B = Non-inter-level travel turns spent in this place as a percentage of non-inter-level travel turns spent in the entire game.
 C = Inter-level travel turns spent in this place as a percentage of turns spent in this place.
 D = Turns resting spent in this place as a percentage of non-inter-level travel turns spent in this place.
 E = Turns spent auto-exploring this place as a percentage of non-inter-level travel turns spent in this place.
 F = Non-inter-level travel turns spent in this place divided by the number of levels of this place that you've seen.
                   A       B       C       D       E      F
               +-------+-------+-------+-------+-------+----------------------
         Total | 100.0 | 100.0 |   7.4 |   0.0 |   0.0 | 362.0
       Dungeon |  93.8 |  93.3 |   7.9 |   0.0 |   0.0 | 386.0
       Ossuary |   6.2 |   6.7 |   0.0 |   0.0 |   0.0 | 194.0
               +-------+-------+-------+-------+-------+----------------------

Table legend:
 A = Kills in this place as a percentage of kills in entire the game.
 B = Kills by you in this place as a percentage of kills by you in the entire game.
 C = Kills by friends in this place as a percentage of kills by friends in the entire game.
 D = Other kills in this place as a percentage of other kills in the entire game.
 E = Experience gained in this place as a percentage of experience gained in the entire game.
 F = Experience gained in this place divided by the number of levels of this place that you have seen.
                   A       B       C       D       E      F
               +-------+-------+-------+-------+-------+----------------------
         Total | 100.0 | 100.0 |   N/A |   N/A | 100.0 | 459.8
       Dungeon |  75.9 |  75.9 |   N/A |   N/A |  83.8 | 440.1
       Ossuary |  24.1 |  24.1 |   N/A |   N/A |  16.2 | 597.0
               +-------+-------+-------+-------+-------+----------------------

Vault maps used:
D:1:      shiori_arrival_whats_in_store_for_you, minmay_misc_feat_rows,
          serial_bayou_pond_c
D:3:      chequers_ecumenical_altar_grove, kennysheep_jessica_study
D:4:      uniq_menkaure, uniq_natasha
D:5:      eat_drink_and_be_merry_uskayaw,
          chequers_temple_overflow_statue_of_worship, kennysheep_mini,
          first_bread, uniq_grinder, uniq_ijyb
D:6:      lemuel_round_altar, minmay_temple_entry_enclosed_plants,
          nicolae_ossuary_entry_plus, fedhas_altar_decomposition
D:7:      gammafunk_temple_of_torment, lemuel_round_altar, uniq_duvessa
Ossuary:  ossuary_tomb_1
